 Dungeon Crawl Stone Soup version 0.24-b1 (webtiles) character file.

Game seed: 16492306104734185433, levelgen mode: deterministic

42 MisterOstroum the Skirmisher (level 3, -2/39 HPs)
             Began as an Ogre Conjurer on Oct 13, 2019.
             Was a Follower of Okawaru.
             Slain by a hound (5 damage)
             ... on level 2 of the Dungeon.
             The game lasted 00:03:23 (1415 turns).

MisterOstroum the Skirmisher (Ogre Conjurer)        Turns: 1415, Time: 00:03:24

Health: -2/39      AC:  3    Str: 12    XL:     3   Next: 56%
Magic:  0/6        EV: 10    Int: 17    God:    Okawaru [*.....]
Gold:   51         SH:  0    Dex:  9    Spells: 3/6 levels left

rFire    . . .     SeeInvis .   i - +0 dagger
rCold    . . .     Gourm    .   (no shield)
rNeg     . . .     Faith    .   a - +0 robe
rPois    .         Spirit   .   (helmet restricted)
rElec    .         Reflect  .   (no cloak)
rCorr    .         Harm     .   (gloves unavailable)
MR       .....                  (boots unavailable)
Stlth    +.........             (no amulet)
HPRegen  0.13/turn              (no ring)
MPRegen  0.10/turn              (no ring)

@: no status effects
A: large, unfitting armour, tough skin 1
a: Heroism, Renounce Religion


You were on level 2 of the Dungeon.
You worshipped Okawaru.
Okawaru was aware of your devotion.
You were not hungry.

You visited 1 branch of the dungeon, and saw 2 of its levels.

You collected 51 gold pieces.

Inventory:

Hand Weapons
 h - a +0 short sword
 i - a +0 dagger (weapon)
Missiles
 d - 39 stones (quivered)
 m - 24 arrows
Armour
 a - a +0 robe (worn)
Scrolls
 b - 2 scrolls of remove curse {unknown}
 c - 2 scrolls of immolation {unknown}
 f - 4 scrolls of identify {unknown}
 k - 4 scrolls of amnesia {unknown}
 l - a scroll of enchant armour {unknown}
 n - a scroll of fog {unknown}
 o - a scroll of teleportation {unknown}
Potions
 j - a potion of curing {unknown}
Comestibles
 e - 4 rations
 g - 3 chunks of flesh


   Skills:
 - Level 4.0 Fighting
 - Level 1.7 Dodging
 - Level 1.4 Stealth
 - Level 2.4 Spellcasting
 + Level 3.6 Conjurations
 * Level 0.3 Invocations


You had 3 spell levels left.
You knew the following spells:

 Your Spells              Type           Power        Failure   Level  Hunger
a - Magic Dart            Conj           ##..         4%          1    #......
b - Searing Ray           Conj           ##....       6%          2    ##.....

Your spell library contained the following spells:

 Spells                   Type           Power        Failure   Level  Hunger
 Dazzling Spray           Conj/Hex       #.....       26%         3    ###....
 Iskenderun's Mystic Bla  Conj           ##......     38%         4    #####..
 Force Lance              Conj/Tloc      #.......     65%         4    #####..
 Fulminant Prism          Conj/Hex       #.........   65%         4    #####..


Dungeon Overview and Level Annotations

Branches:
Dungeon (2/15)

Altars:
Okawaru


Innate Abilities, Weirdness & Mutations

You are too large for most types of armour.
You have tough skin. (AC +1)


Message History

You don't have enough magic to cast that spell.
Casting: Magic Dart (safe; 4% risk of failure)
Confirm with . or Enter, or press ? or * to list all spells.
You don't have enough magic to cast that spell.
Okay, then.
Unknown command.
You hit the hobgoblin but do no damage.
The hobgoblin hits you but does no damage.
You hit the hobgoblin but do no damage. The hobgoblin barely misses you.
You barely miss the hobgoblin.
The hobgoblin hits you but does no damage.
You barely miss the hobgoblin. The hobgoblin closely misses you.
You hit the hobgoblin.
The hobgoblin is almost dead.
The hobgoblin barely misses you.
You hit the hobgoblin.
You kill the hobgoblin!
Okawaru accepts your kill.
You hit the quokka.
The quokka is lightly wounded.
The quokka closely misses you.
You closely miss the quokka.
The quokka is lightly wounded.
The quokka barely misses you.
The quokka bites you but does no damage.
You hit the quokka.
The quokka is almost dead.
The quokka bites you but does no damage.
You hit the quokka.
You kill the quokka!
Okawaru accepts your kill. The jackal bites you.
You hit the jackal but do no damage. The jackal barely misses you.
You closely miss the jackal. The jackal bites you.
The jackal barely misses you.
You hit the jackal.
The jackal is moderately wounded.
The jackal bites you but does no damage.
You hit the jackal.
You kill the jackal!
Okawaru accepts your kill.
A hound comes into view.
The hound barks!
The hound stops to sniff the ground.
The hound bites you. The worm closely misses you.
Things that are here:
a +0 club; a quokka corpse You hit the hound but do no damage.
The hound bites you.
You closely miss the hound. The hound closely misses you. The worm bites you!
The hound closely misses you.
You are too injured to fight recklessly!
You are too injured to fight recklessly!
You hit the hound but do no damage. The hound barely misses you.
The hound bites you.
Casting: Magic Dart (safe; 4% risk of failure)
Confirm with . or Enter, or press ? or * to list all spells.
Aiming: Magic Dart (safe; 4% risk of failure)
Press: ? - help, Shift-Dir - straight line, f - hound
Aim: a hound The magic dart hits the hound.
The hound is lightly wounded.
The hound bites you.
Casting: Magic Dart (safe; 4% risk of failure)
Confirm with . or Enter, or press ? or * to list all spells.
Aiming: Magic Dart (safe; 4% risk of failure)
Press: ? - help, Shift-Dir - straight line, f/p - hound
Aim: a hound (lightly wounded)
The magic dart hits the hound.
The hound is moderately wounded.
The hound barely misses you.
The hound pauses to sniff the ground.
The hound barely misses you.
You barely miss the hound.
The hound is moderately wounded.
The hound bites you.
You hit the hound.
The hound is moderately wounded.
The hound closely misses you. The hound bites you.
* * * LOW HITPOINT WARNING * * *
You closely miss the hound.
The hound is moderately wounded.
The hound bites you.
* * * LOW HITPOINT WARNING * * *
Casting: Magic Dart (safe; 4% risk of failure)
Confirm with . or Enter, or press ? or * to list all spells.
Aiming: Magic Dart (safe; 4% risk of failure)
Press: ? - help, Shift-Dir - straight line, f/p - hound
Aim: a hound (moderately wounded)
The magic dart hits the hound.
The hound is heavily wounded.
The hound bites you.
* * * LOW HITPOINT WARNING * * *
The hound completely misses you.
You barely miss the hound.
The hound is heavily wounded.
The hound barely misses you.
You hit the hound.
The hound is heavily wounded.
The hound bites you.
You die...

## #### ##
.#..... #. ####
.#..... #.. #?[$
....... #...#...
.......
..#...#w......
#.###h# ...
#..@#.#..
#.##.รท.##.#
#.......#.#
#..###..##.#
#...####....#?#
#..# #......###.
...# #.#........
...####.#.....##.
.. #....#.....+


You could see a worm and a hound.

Vanquished Creatures
  2 worms (D:2)
  A dart slug (D:1)
  2 leopard geckos (D:1)
  2 giant cockroaches
  5 goblins
  5 hobgoblins
  A jackal (D:2)
  A quokka (D:2)
  2 ball pythons
  A bat (D:2)
  A frilled lizard (D:1)
  4 kobolds
  4 rats (D:1)
31 creatures vanquished.

Notes
Turn   | Place    | Note
-------+----------+-------------------------------------------
     0 | D:1      | MisterOstroum the Ogre Conjurer began the quest for the
                  | Orb.
     0 | D:1      | Reached XP level 1. HP: 16/16 MP: 3/3
   133 | D:1      | Reached skill level 1 in Fighting
   286 | D:1      | Reached skill level 2 in Fighting
   286 | D:1      | Reached XP level 2. HP: 22/28 MP: 0/5
   290 | D:1      | Learned a level 2 spell: Searing Ray
   630 | D:1      | Reached skill level 3 in Fighting
   814 | D:1      | Reached XP level 3. HP: 26/37 MP: 1/6
  1261 | D:2      | Found a faded altar of an unknown god.
  1269 | D:2      | Became a worshipper of Warmaster Okawaru
  1269 | D:2      | Reached * piety under Okawaru
  1386 | D:2      | Reached skill level 4 in Fighting
  1415 | D:2      | Slain by a hound

Skill      XL: |  1  2  3 |
---------------+----------+-----
Fighting       | 2 3 4 |  4.0
Dodging        | |  1.7
Stealth        | |  1.4
Spellcasting   | |  2.4
Conjurations   | |  3.6
Invocations    | |  0.3

Action                   || total
-------------------------++-------
Melee: Unarmed           ||     5
       Dagger            ||    60
       Short sword       ||     8
 Cast: Magic Dart        ||    58
       Searing Ray       ||     2
Invok: Heroism           ||     1
  Eat: Chunk             ||     2
Armor: Robe              ||    21
Dodge: Dodged            ||    54
